 Dungeon Crawl Stone Soup version 0.28-a0-1518-gbe868bca14 (webtiles) character file.

Game seed: 3543460562347064065

26397 blank1 the Warrior (level 12, -7/124 HPs)
             Began as a Minotaur Fighter on Jan 16, 2022.
             Was a High Priest of Okawaru.
             Killed from afar by an ironbound frostheart (35 damage)
             ... by creeping frost
             ... in an ice cave.
             The game lasted 00:26:40 (15897 turns).

blank1 the Warrior (Minotaur Fighter)              Turns: 15897, Time: 00:26:41

Health: -7/124     AC: 32    Str: 25    XL:     12   Next: 98%
Magic:  0/14       EV: 15    Int:  5    God:    Okawaru [*****.]
Gold:   882        SH:  7    Dex: 17    Spells: 11/11 levels left

rFire   . . .      SeeInvis .   a - +1 flail (flame)
rCold   . . .      Faith    .   c - +0 buckler
rNeg    . . .      Spirit   +   L - +18 Lear's hauberk
rPois   .          Reflect  .   (helmet currently unavailable)
rElec   .          Harm     .   (no cloak)
rCorr   .          Rampage  .   (gloves currently unavailable)
Will    +....                   (boots currently unavailable)
Stlth   ..........              k - amulet of guardian spirit
HPRegen 0.30/turn               e - ring of willpower
MPRegen 0.14/turn               s - +6 ring of dexterity

@: heroic, finesse-ful, frozen, very slow
A: horns 2, retaliatory headbutt
a: Renounce Religion, Heroism, Finesse, Duel


You were in an ice cave.
You worshipped Okawaru.
Okawaru was extremely pleased with you.
You visited 3 branches of the dungeon, and saw 13 of its levels.
You also visited: Ice Cave.

You collected 882 gold pieces.

Inventory:

Hand Weapons
 a - a +1 flail of flaming (weapon)
 b - a +2 whip of freezing
 p - a +0 morningstar
 K - the +8 spear of Irritation {drain, SInv}
   (You took it off a spriggan on level 8 of the Dungeon)

   A truly terrible weapon, it drains the life of any living foe it strikes.
   SInv:      It lets you see invisible.
Armour
 c - a +0 buckler (worn)
 f - a +1 chain mail
 v - a +0 pair of boots
 A - a +2 pair of gloves
 L - the +18 Lear's hauberk (worn)
   (You acquired it on level 1 of the Lair of Beasts)
 O - a +2 tower shield of cold resistance
 P - a +0 buckler of protection
Jewellery
 e - a ring of willpower (left hand)
 h - a ring of protection from fire
 k - an amulet of guardian spirit (around neck)
 s - a +6 ring of dexterity (right hand)
 B - an amulet of the acrobat
 F - a +6 ring of intelligence
 M - a ring of poison resistance
Wands
 q - a wand of flame (42)
 u - a wand of iceblast (25)
 z - a wand of paralysis (17)
 D - a wand of mindburst (5)
 G - a wand of polymorph (10)
 H - a wand of acid (5)
Scrolls
 i - a scroll of immolation
 j - a scroll of blinking
 o - 6 scrolls of teleportation
 x - 6 scrolls of amnesia
 y - a scroll of silence
 C - 3 scrolls of enchant armour
 I - 2 scrolls of identify
Potions
 d - 2 potions of lignification
 g - 5 potions of heal wounds
 l - a potion of brilliance {unknown}
 m - 3 potions of mutation
 n - a potion of resistance
 r - 5 potions of curing
 t - 2 potions of attraction
 w - 2 potions of might
 E - 2 potions of invisibility
 J - a potion of degeneration {unknown}
 N - a potion of magic {unknown}


   Skills:
 + Level 16.9(21.9) Fighting
 - Level 12.0(17.0) Maces & Flails
 + Level 13.3(18.3) Armour
 - Level 8.0(13.0) Dodging
 - Level 4.0(9.0) Shields
 - Level 5.0 Invocations


You had 11 spell levels left.
You didn't know any spells.
Your spell library contained the following spells:

 Spells                   Type           Power      Damage    Failure   Level
 Freeze                   Ice            0%         1d3       92%         1
 Magic Dart               Conj           0%         1d3       92%         1
 Sandblast                Erth           0%         2d4       92%         1
 Passwall                 Tmut/Erth      0%         N/A       98%         2
 Scorch                   Fire           0%         2d5       98%         2
 Static Discharge         Conj/Air       0%         N/A       98%         2
 Conjure Flame            Conj/Fire      0%         6-21      100%        3
 Frozen Ramparts          Ice            0%         1d2       100%        3
 Ignite Poison            Fire/Tmut/Pois 0%         N/A       100%        3
 Mephitic Cloud           Conj/Pois/Air  0%         N/A       100%        3
 Stone Arrow              Conj/Erth      0%         3d7       100%        3
 Dispel Undead            Necr           0%         3d6       100%        4
 Flame Wave               Conj/Fire      0%         2d4       100%        4
 Fulminant Prism          Conj/Hex       0%         3d6       100%        4
 Hailstorm                Conj/Ice       0%         3d3       100%        4
 Iskenderun's Mystic Bla  Conj/Tloc      0%         2d3       100%        4
 Sticky Flame             Conj/Fire      0%         2d3       100%        4
 Lee's Rapid Deconstruct  Erth           0%         3d5*      100%        5
 Call Imp                 Summ           Unusable   N/A       N/A         2
 Summon Cactus Giant      Summ           Unusable   N/A       N/A         6

Dungeon Overview and Level Annotations

Branches:
Dungeon (11/15)            Temple (1/1) D:7            Lair (1/6) D:8
    Orc (0/2) D:10          IceCv (1/1)

Altars:
Ashenzari
Cheibriados
Dithmenos
Elyvilon
Fedhas
Gozag
Hepliaklqana
Kikubaaqudgha
Makhleb
Nemelex Xobeh
Okawaru
Qazlal
Ru
Sif Muna
Trog
Uskayaw
Vehumet
Wu Jian
Xom
Yredelemnul
Zin
The Shining One


Innate Abilities, Weirdness & Mutations

You have a pair of horns on your head.
You reflexively headbutt those who attack you in melee.


Message History

You sock the ironbound frostheart! You burn the ironbound frostheart!
The ironbound frostheart is moderately wounded.
You hear a shout!
The ironbound frostheart calls freezing cold from the walls.
The frost grips you!!
You are encased in ice.
You hear a howl!
You bludgeon the ironbound frostheart!! You burn the ironbound frostheart.
You headbutt the ironbound frostheart, but do no damage.
The ironbound frostheart is almost dead.
You hit the ironbound frostheart but do no damage.
The ironbound frostheart is almost dead.
You hit the ironbound frostheart but do no damage.
The ironbound frostheart is almost dead.
The ironbound frostheart misses you.
You hit the ironbound frostheart but do no damage.
The ironbound frostheart is almost dead.
You sock the ironbound frostheart! You burn the ironbound frostheart.
You kill the ironbound frostheart!
Okawaru is honoured by your kill.
Unknown command.
P - a +0 buckler of protection You hit the ironbound frostheart but do no damage.
The ice encasing you melts away.
You bludgeon the ironbound frostheart!! You burn the ironbound frostheart.
The ironbound frostheart is moderately wounded.
The ironbound frostheart calls freezing cold from the walls.
The frost grips you!
* * * LOW HITPOINT WARNING * * *
You are encased in ice.
You sock the ironbound frostheart! You burn the ironbound frostheart.
The ironbound frostheart is heavily wounded.
You hit the ironbound frostheart. You burn the ironbound frostheart.
You headbutt the ironbound frostheart.
The ironbound frostheart is severely wounded.
You sock the ironbound frostheart! You burn the ironbound frostheart.
The ironbound frostheart is almost dead.
The ironbound frostheart calls freezing cold from the walls.
The frost grips you!!!
You die...

####### ######## ########
...#.†######......## ##......##
..#.##≈≈##..##.....####..###...##
#..####≈≈≈######....#...###....)#
#...####≈≈≈≈≈≈≈###....### ##...##
###..##≈≈≈≈≈≈≈##..####### #..###
##..##≈≈≈≈≈≈≈####.####..####..#
#..###≈≈≈≈≈≈≈≈≈#@#.#..##.#..###
###..#≈≈≈≈≈≈≈≈###p..#####†###
##...##≈≈≈≈≈≈##...### ###
####..##≈≈≈###..###
###.#########..## #..## ##..
#...# ##.. ..### #.h ### #..


You could see an ironbound frostheart.

Vanquished Creatures
  Snorg (D:11)
  A hydra (D:10)
  An ironbound frostheart (IceCv)
  A centaur warrior (D:10)
  2 two-headed ogres
  4 death yaks (IceCv)
  Nergalle (D:10)
  The ghost of sizableburger the Skirmisher, a novice OgAM (D:6)
  The ghost of frimble the Grasshopper, a novice DsWr (D:8)
  Pikel (D:5)
  A cyclops (D:11)
  3 manticores
  An ice statue (IceCv)
  An unseen horror (D:10)
  Psyche (D:11)
  A komodo dragon (D:11)
  The ghost of Xenoroth the Conjurer, a novice DECj (D:6)
  4 trolls
  A hornet (D:9)
  11 polar bears
  Prince Ribbit (D:7)
  Sigmund (D:2)
  2 spriggans (D:8)
  23 yaks
  Grum (D:9)
  A steam dragon (D:8)
  4 vampire mosquitoes (D:11)
  Menkaure (D:6)
  An acid dragon (D:6)
  A water moccasin (D:7)
  2 black bears
  An orc warrior (D:6)
  2 ice beasts (D:6)
  2 sky beasts
  4 necrophages
  10 centaurs
  19 wolves
  2 ogres
  3 phantoms
  4 kobold brigands
  2 lemures (D:5)
  5 bullfrogs
  A gnoll sergeant (D:6)
  2 wyvern zombies (D:6)
  4 scorpions
  A water moccasin zombie (D:5)
  7 killer bees
  A water moccasin skeleton (D:4)
  4 wights (D:6)
  3 howler monkeys
  5 centaur zombies
  8 hounds
  2 orc priests
  A bullfrog skeleton (D:5)
  3 gnoll shamans
  2 bullfrog zombies
  An iguana (D:4)
  Jessica (D:2)
  4 centaur skeletons
  4 orc wizards
  2 scorpion zombies (D:5)
  Robin (D:2)
  12 gnolls
  8 adders
  A shadow imp (D:7)
  4 white imps
  An ufetubus (D:5)
  A dart slug (D:1)
  12 orcs
  6 ball pythons
  7 endoplasms
  3 giant cockroaches
  19 goblins
  10 hobgoblins
  3 jackals (D:1)
  3 quokkas
  4 bats
  2 frilled lizards
  24 kobolds
  A rat (D:1)
309 creatures vanquished.

Vanquished Creatures (others)
  A kobold (D:11)
  2 fungi (D:8)
  9 plants
  5 withered plants (D:6)
17 creatures vanquished.

Grand Total: 326 creatures vanquished

Notes
Turn   | Place    | Note
-------+----------+-------------------------------------------
     0 | D:1      | blank1 the Minotaur Fighter began the quest for the Orb.
     0 | D:1      | Reached XP level 1. HP: 19/19 MP: 0/0
   206 | D:1      | Reached XP level 2. HP: 27/27 MP: 1/1
   553 | D:1      | Found a faded altar of an unknown god.
   599 | D:1      | Reached skill level 1 in Dodging
   823 | D:2      | Reached skill level 4 in Fighting
   948 | D:2      | Reached XP level 3. HP: 30/33 MP: 2/2
  1173 | D:2      | Noticed Sigmund
  1187 | D:2      | Killed Sigmund
  1188 | D:2      | Reached skill level 5 in Fighting
  1188 | D:2      | Reached skill level 5 in Maces & Flails
  1188 | D:2      | Reached XP level 4. HP: 12/42 MP: 0/3
  1188 | D:2      | Reached XP level 5. HP: 13/48 MP: 0/4
  1543 | D:2      | Noticed Jessica
  1546 | D:2      | Killed Jessica
  1589 | D:2      | Noticed Robin
  1613 | D:2      | Killed Robin
  1983 | D:3      | Reached XP level 6. HP: 56/56 MP: 5/5
  2835 | D:4      | Reached skill level 6 in Fighting
  3598 | D:5      | Entered Level 5 of the Dungeon
  3628 | D:5      | Reached XP level 7. HP: 55/64 MP: 6/6
  3638 | D:5      | Reached skill level 7 in Fighting
  3656 | D:5      | HP: 3/67 [scorpion zombie (3)]
  4012 | D:5      | Reached skill level 8 in Fighting
  4221 | D:5      | Reached XP level 8. HP: 42/74 MP: 7/7
  4408 | D:5      | Reached skill level 5 in Armour
  4544 | D:5      | Found an ornate altar of the Wu Jian Council.
  4585 | D:5      | Noticed Pikel
  4612 | D:5      | Killed Pikel
  5287 | D:5      | Reached skill level 9 in Fighting
  5343 | D:6      | Noticed Menkaure
  5351 | D:6      | Killed Menkaure
  5352 | D:6      | Reached XP level 9. HP: 71/83 MP: 5/8
  5639 | D:6      | Reached skill level 10 in Fighting
  5639 | D:6      | Reached skill level 10 in Maces & Flails
  5860 | D:6      | Noticed a troll
  5881 | D:6      | Killed a troll
  6154 | D:6      | Found a runed translucent gate.
  6154 | D:6      | Found a runed translucent gate.
  6154 | D:6      | Found a runed translucent gate.
  6158 | D:6      | Noticed Xenoroth's ghost (novice DECj)
  6158 | D:6      | Noticed sizableburger's ghost (novice OgAM)
  6323 | D:6      | Reached skill level 11 in Fighting
  6908 | D:6      | Reached XP level 10. HP: 69/97 MP: 7/9
  7048 | D:6      | Reached skill level 12 in Fighting
  7128 | D:6      | Found a shimmering blue altar of Sif Muna.
  7129 | D:6      | Found a snail-covered altar of Cheibriados.
  7205 | D:6      | Noticed a two-headed ogre
  7218 | D:6      | Killed a two-headed ogre
  7222 | D:6      | Reached skill level 5 in Dodging
  7589 | D:7      | Noticed a manticore
  7611 | D:7      | Killed a manticore
  8282 | D:7      | Found a bloodstained altar of Trog.
  8342 | D:7      | Noticed Prince Ribbit
  8353 | D:7      | Killed Prince Ribbit
  8394 | D:7      | Found a staircase to the Ecumenical Temple.
  8664 | Temple   | Entered the Ecumenical Temple
  8750 | Temple   | Became a worshipper of Warmaster Okawaru
  8864 | D:6      | Killed Xenoroth's ghost
  8865 | D:6      | Reached skill level 1 in Invocations
  8878 | D:6      | Killed sizableburger's ghost
  8941 | D:8      | Found a hazy altar of Hepliaklqana.
  9014 | D:8      | Noticed frimble's ghost (novice DsWr)
  9014 | D:8      | Identified the +8 spear of Irritation {drain, SInv}
  9015 | D:8      | Found a runed translucent door.
  9072 | D:8      | Reached * piety under Okawaru
  9486 | D:8      | Found a staircase to the Lair.
 10229 | D:9      | Found a sparkling altar of Nemelex Xobeh.
 10337 | D:9      | Noticed Grum
 10344 | D:9      | Reached XP level 11. HP: 85/106 MP: 10/13
 10361 | D:9      | Killed Grum
 10362 | D:9      | Reached skill level 13 in Fighting
 10585 | D:9      | Reached ** piety under Okawaru
 11074 | D:10     | Entered Level 10 of the Dungeon
 11236 | D:10     | Found a staircase to the Orcish Mines.
 11242 | D:10     | Noticed Nergalle
 11250 | D:10     | Killed Nergalle
 11251 | D:10     | Reached skill level 14 in Fighting
 11404 | D:10     | Noticed a two-headed ogre
 11410 | D:10     | Killed a two-headed ogre
 11555 | D:10     | Noticed a seven-headed hydra
 11566 | D:10     | Killed a seven-headed hydra
 11566 | D:10     | Reached *** piety under Okawaru
 11761 | D:10     | Noticed a centaur warrior
 11767 | D:10     | Killed a centaur warrior
 11768 | D:10     | Reached skill level 5 in Invocations
 12110 | D:10     | Reached **** piety under Okawaru
 12804 | D:11     | Reached skill level 10 in Armour
 13236 | D:11     | Reached ***** piety under Okawaru
 13681 | D:11     | Noticed Psyche
 13691 | D:11     | Killed Psyche
 13692 | D:11     | Reached XP level 12. HP: 117/118 MP: 14/14
 13799 | D:11     | Noticed Snorg
 13816 | D:11     | Killed Snorg
 13816 | D:11     | Received a gift from Okawaru
 13817 | D:11     | Reached skill level 15 in Fighting
 14250 | D:8      | Killed frimble's ghost
 14634 | Lair:1   | Entered Level 1 of the Lair of Beasts
 14635 | Lair:1   | Identified a scroll of acquirement
 14635 | Lair:1   | Acquired the +18 Lear's hauberk
 14635 | Lair:1   | Found the +18 Lear's hauberk
 14726 | Lair:1   | Found a frozen archway.
 14735 | IceCv    | Entered an ice cave
 14862 | IceCv    | Noticed a death yak
 14862 | IceCv    | Noticed a death yak
 14870 | IceCv    | Killed a death yak
 14875 | IceCv    | Killed a death yak
 15012 | IceCv    | Identified the +0 helmet of the Blind Marksman {Rampage
                  | Drain +Blink rF-}
 15097 | IceCv    | Reached skill level 16 in Fighting
 15319 | IceCv    | Reached ****** piety under Okawaru
 15840 | IceCv    | Noticed an ironbound frostheart
 15840 | IceCv    | Noticed an ironbound frostheart
 15840 | IceCv    | Noticed a death yak
 15841 | IceCv    | Noticed a death yak
 15864 | IceCv    | Killed a death yak
 15864 | IceCv    | Received a gift from Okawaru
 15879 | IceCv    | Killed a death yak
 15891 | IceCv    | Killed an ironbound frostheart
 15897 | IceCv    | Killed from afar by an ironbound frostheart

Illustrated notes

Levels and vault maps discovered:
D:1:      doesnt_arrival_eight_statues, layout_basic,
          ebering_ecumenical_altar_sacrificial
D:2:      layout_loops_corners, minmay_goblin_kobold_house, uniq_jessica,
          uniq_sigmund, uniq_robin
D:3:      layout_basic
D:4:      layout_rooms, nicolae_zen_rock_garden, saegor_snake_ambush
D:5:      minmay_razor_zed, layout_basic, nzn_wu_jian_council_hall, uniq_pikel
D:6:      layout_rooms, gammafunk_temple_overflow_pools,
          gammafunk_ghost_cemetery, serial_rivers,
          chequers_serial_rivers_micro_e, chequers_serial_rivers_micro_e,
          chequers_serial_rivers_small_a, chequers_serial_rivers_small_a,
          chequers_serial_rivers_micro_b, nzn_random_ring, uniq_menkaure
D:7:      layout_rooms, lightli_temple_of_fire,
          minmay_temple_entry_from_below_a, uniq_prince_ribbit1
D:8:      layout_loops_corners, mainiacjoe_overflow_tiny_flanked,
          dpeg_oklobed_lair, ebering_ghost_funeral_grove
D:9:      layout_loops_ring, mainiacjoe_overflow_paths, uniq_grum
D:10:     minmay_opposing_rooms, layout_basic, uniq_nergalle
D:11:     layout_loops_ring, uniq_psyche, uniq_snorg
Temple:   lightli_temple_of_artemis
Lair:1:   layout_regular_city, portal_ice_cave_entry_pillars_1,
          lemuel_fruit_tree
IceCv:    ice_cave_caverns_02

Skill      XL: |  1  2  3  4  5  6  7  8  9 10 11 12 |
---------------+-------------------------------------+-----
Dodging        | 1 2 3 4 6 8 |  8.0
Shields        | 4 |  4.0
Fighting       | 4 5 6 8 9 11 12 14 16 | 16.9
Armour         | 4 6 8 10 13 | 13.3
Maces & Flails | 5 6 9 10 12 | 12.0
Invocations    | 4 5 |  5.0

Action                   |  1- 3 |  4- 6 |  7- 9 | 10-12 || total
-------------------------+-------+-------+-------+-------++-------
Melee: Flail             |    89 |    91 |   299 |   677 ||  1156
       Headbutt          |    11 |    17 |    58 |   162 ||   248
Invok: Heroism           |       |       |       |     4 ||     4
       Finesse           |       |       |       |     2 ||     2
Evoke: Wand              |       |       |       |     1 ||     1
  Use: Potion            |     2 |       |       |       ||     2
       Scroll            |       |     5 |     7 |     6 ||    18
Armor: Scale mail        |     8 |       |       |       ||     8
       Chain mail        |    36 |    47 |   139 |   317 ||   539
Dodge: Dodged            |    39 |    42 |   104 |   342 ||   527
Block: Buckler           |    12 |    31 |    61 |   183 ||   287

Table legend: (Time is in decaauts)
 A = Elapsed time spent in this place.
 B = Non-inter-level travel time spent in this place.
 C = Inter-level travel time spent in this place.
 D = Time resting spent in this place.
 E = Time spent auto-exploring this place.
 F = Levels seen in this place.
 G = Mean time per level.
                   A        B        C        D        E       F      G
               +--------+--------+--------+--------+--------+-----+--------+
         Total |  15849 |  15257 |    592 |   2277 |  10464 |  14 | 1132.1 |
       Dungeon |  14562 |  13987 |    575 |   2077 |   9794 |  11 | 1323.8 |
        Temple |    108 |     91 |     17 |      0 |     78 |   1 |  108.0 |
          Lair |     76 |     76 |      0 |      0 |      0 |   1 |   76.0 |
      Ice Cave |   1102 |   1102 |      0 |    200 |    591 |   1 | 1102.0 |
               +--------+--------+--------+--------+--------+-----+--------+

Top non-repeatable levels by time:
     D:6: 2101 daAuts
     D:8: 1663 daAuts
    D:11: 1535 daAuts
    D:10: 1511 daAuts
     D:5: 1507 daAuts
     D:2: 1286 daAuts
     D:7: 1109 daAuts
   IceCv: 1102 daAuts
     D:9: 1072 daAuts
     D:4: 1039 daAuts
     D:3: 1026 daAuts
     D:1: 707 daAuts
  Temple: 108 daAuts
  Lair:1: 76 daAuts
